 Dungeon Crawl Stone Soup version 0.24-a0-250-g6074511 (webtiles) character file.

Game seed: 12801527782988378628

2217 Borgoz the Slicer (level 9, 0/56 HPs)
             Began as a Kobold Gladiator on Apr 15, 2019.
             Slain by Grum
             ... wielding a +0 halberd
              (22 damage)
             ... on level 8 of the Dungeon on Apr 16, 2019.
             The game lasted 00:14:20 (5791 turns).

Borgoz the Slicer (Kobold Gladiator)                Turns: 5791, Time: 00:14:21

Health: 0/56       AC: 10    Str: 16    XL:     9   Next: 61%
Magic:  9/9        EV: 19    Int:  8    God:
Gold:   418        SH:  0    Dex: 16    Spells: 6/8 levels left

rFire    . . .     SeeInvis .   a - +3 rapier "Siotz" {venom, Str+2}
rCold    + . .     Gourm    .   (shield restricted)
rNeg     + . .     Faith    .   v - +2 ring mail of the Duchess {rPois rC+ rN+ Int-2}
rPois    +         Spirit   .   c - +1 helmet
rElec    .         Reflect  .   (no cloak)
rCorr    .         Harm     .   (no gloves)
MR       .....                  (no boots)
Stlth    ++........             (no amulet)
HPRegen  0.18/turn              n - +1 ring of evasion
MPRegen  0.11/turn              (no ring)

@: no status effects
A: small, carnivore
a: no special abilities


You were on level 8 of the Dungeon.
You were completely stuffed.

You visited 2 branches of the dungeon, and saw 9 of its levels.

You collected 418 gold pieces.

Inventory:

Hand Weapons
 a - the +3 rapier "Siotz" (weapon) {venom, Str+2}
   (You found it on level 4 of the Dungeon)

   It poisons the flesh of those it strikes.
   It affects your strength (+2).
 r - a +1 dagger of freezing
 s - a +0 rapier
 u - the +9 whip of Jaorph {slash, rPois, unknown}
   (You found it on level 4 of the Dungeon)

   It inflicts extra damage upon your enemies.
   It protects you from poison.
Missiles
 d - a throwing net (quivered)
Armour
 c - a +1 helmet (worn)
 v - the +2 ring mail of the Duchess (worn) {rPois rC+ rN+ Int-2}
   (You found it on level 4 of the Dungeon)

   It affects your intelligence (-2).
   It protects you from cold.
   It protects you from poison.
   It protects you from negative energy.
Jewellery
 n - a +1 ring of evasion (left hand)
Wands
 h - a wand of polymorph (8)
Scrolls
 k - 3 scrolls of teleportation
 t - 2 scrolls of remove curse
 y - a scroll of fear
 z - a scroll of amnesia {unknown}
Potions
 b - 2 potions of lignification
 e - 2 potions of haste
 g - a potion of berserk rage {unknown}
 i - a potion of might {unknown}
 j - a potion of heal wounds
 l - a potion of agility
 o - a potion of resistance
 p - a potion of ambrosia {unknown}
 q - a potion of curing
 w - 2 potions of brilliance
 x - a potion of flight {unknown}
Comestibles
 f - 19 rations


   Skills:
 + Level 6.7 Fighting
 + Level 8.5 Short Blades
 - Level 2.1 Throwing
 + Level 4.6 Armour
 + Level 7.8 Dodging
 - Level 5.0 Stealth


You had 6 spell levels left.
You knew the following spells:

 Your Spells              Type           Power        Failure   Level  Hunger
a - Blink                 Tloc           N/A          75%         2    ###....

Your spell library contained the following spells:

 Spells                   Type           Power        Failure   Level  Hunger
 Magic Dart               Conj           #...         61%         1    ##.....
 Call Imp                 Summ           #.......     75%         2    ###....
 Slow                     Hex            #.......     75%         2    ###....
 Conjure Flame            Conj/Fire      #.......     93%         3    ####...
 Mephitic Cloud           Conj/Pois/Air  #.......     93%         3    ####...


Dungeon Overview and Level Annotations

Branches:
Dungeon (8/15)             Temple (1/1) D:7
   Lair: D:8-11

Altars:
Dithmenos
Elyvilon
Fedhas
Gozag
Hepliaklqana
Kikubaaqudgha
Nemelex Xobeh
Okawaru
Qazlal
Ru
Trog
Uskayaw
Vehumet
Wu Jian
Xom
Yredelemnul
Zin
The Shining One

Annotations:
D:8 Grum


Innate Abilities, Weirdness & Mutations

You are small and have problems with some larger weapons.
You are carnivorous and can eat meat at any time.


Message History

The wolf barely misses you.
You barely miss the wolf.
The wolf is lightly wounded.
The wolf closely misses you. Grum closely misses you.
The wolf completely misses you.
You miss the wolf.
The wolf is lightly wounded.
The wolf closely misses you. Grum misses you. The wolf barely misses you.
You closely miss the wolf.
The wolf is lightly wounded.
The wolf barely misses you.
You barely miss the wolf.
The wolf is lightly wounded.
The wolf misses you. The wolf bites you!
You hit the wolf.
The wolf is moderately wounded.
The wolf closely misses you.
Grum hits you from afar with a +0 halberd!!
You die...

. ### .. #.. ...
#.# .... #####.####
.....
#....†...####......
#....<..hgh@..#
#.(......#####.....
#........# ...
#........# .
#........#
#........#
#.....!..#
#........#


You could see Grum and 2 wolves.

Vanquished Creatures
  An orc warrior (D:7)
  2 sky beasts
  An ogre (D:6)
  2 centaurs (D:5)
  2 wolves (D:8)
  A bullfrog (D:7)
  A scorpion (D:5)
  4 killer bees (D:7)
  2 howler monkeys (D:7)
  4 crimson imps
  A bullfrog zombie (D:7)
  A quasit (D:7)
  5 hounds
  4 jellies
  3 orc priests
  A bullfrog skeleton (D:5)
  A centaur skeleton (D:6)
  An iguana (D:7)
  5 orc wizards
  4 worker ants
  A hound skeleton (D:6)
  12 adders
  An adder zombie (D:6)
  3 oozes
  8 worms
  4 adder skeletons
  2 dart slugs
  5 leopard geckos
  17 orcs
  5 bats
  5 giant cockroaches
  9 goblins
  11 hobgoblins
  8 jackals
  4 quokkas
  2 ball pythons
  A ball python skeleton (D:4)
  5 frilled lizards
  2 gnoll zombies (D:5)
  A jackal skeleton (D:5)
  12 kobolds
  6 rats
170 creatures vanquished.

Vanquished Creatures (others)
  An orc (D:5)
1 creature vanquished.

Grand Total: 171 creatures vanquished

Notes
Turn   | Place    | Note
-------+----------+-------------------------------------------
     0 | D:1      | Borgoz the Kobold Gladiator began the quest for the Orb.
     0 | D:1      | Reached XP level 1. HP: 12/12 MP: 1/1
    76 | D:1      | Reached XP level 2. HP: 16/18 MP: 2/2
   143 | D:1      | Reached skill level 1 in Stealth
   301 | D:1      | Reached XP level 3. HP: 22/22 MP: 3/3
   688 | D:2      | Reached skill level 1 in Armour
   927 | D:2      | Reached XP level 4. HP: 27/27 MP: 4/4
  1550 | D:3      | Reached XP level 5. HP: 18/32 MP: 5/5
  2179 | D:4      | Got a scorched rapier
  2180 | D:4      | Identified the +3 rapier "Siotz" {venom, Str+2} (You found
                  | it on level 4 of the Dungeon)
  2218 | D:4      | Got a translucent whip
  2258 | D:4      | Got a spiked ring mail
  2266 | D:4      | Reached skill level 5 in Short Blades
  2324 | D:4      | Identified the +2 ring mail of the Duchess {rPois rC+ rN+
                  | Int-2} (You found it on level 4 of the Dungeon)
  2347 | D:4      | Reached XP level 6. HP: 37/37 MP: 6/6
  2586 | D:5      | Entered Level 5 of the Dungeon
  2849 | D:5      | Reached skill level 5 in Dodging
  2852 | D:5      | Reached XP level 7. HP: 31/43 MP: 7/7
  3207 | D:5      | Found a basalt altar of Yredelemnul.
  3282 | D:5      | Reached skill level 6 in Short Blades
  3352 | D:5      | Found a shadowy altar of Dithmenos.
  3426 | D:6      | Reached skill level 5 in Stealth
  3563 | D:6      | Reached XP level 8. HP: 47/48 MP: 8/8
  3739 | D:6      | Reached skill level 5 in Fighting
  4156 | D:6      | Found a shadowy altar of Dithmenos.
  4188 | D:6      | Reached skill level 7 in Short Blades
  4195 | D:6      | Learned a level 2 spell: Blink
  4660 | D:7      | Reached XP level 9. HP: 51/55 MP: 9/9
  4989 | D:7      | Reached skill level 8 in Short Blades
  5022 | D:7      | Found a staircase to the Ecumenical Temple.
  5115 | Temple   | Entered the Ecumenical Temple
  5587 | D:7      | Found a hazy altar of Hepliaklqana.
  5762 | D:8      | Noticed Grum
  5791 | D:8      | Slain by Grum

Levels and vault maps discovered:
D:1:      roderic_dead_forest, layout_rooms, kennysheep_boxes
D:2:      layout_rooms
D:3:      layout_rooms, first_ration
D:4:      layout_rooms
D:5:      layout_loops_cross, lemuel_zombie_altar_yredelemnul,
          kennysheep_mini_moat
D:6:      layout_basic, grunt_dithmenos_smoke_and_mirrors
D:7:      layout_basic, makhleb_grotto_becter, minmay_temple_entry_mist,
          basic_altar
D:8:      layout_rooms, chequers_temple_overflow_minitemple,
          minmay_misc_feat_chi, hangedman_pestilent_swarm, uniq_grum
Temple:   nicolae_temple_elliptical

Skill      XL: |  1  2  3  4  5  6  7  8  9 |
---------------+----------------------------+-----
Stealth        | 1 2 3 4 5 |  5.0
Dodging        | 4 5 6 7 |  7.8
Armour         | 1 2 3 4 |  4.6
Fighting       | 3 4 5 6 |  6.7
Short Blades   | 5 6 7 8 |  8.5
Throwing       | |  2.1

Action                   |  1- 3 |  4- 6 |  7- 9 || total
-------------------------+-------+-------+-------++-------
Melee: Rapier            |   112 |   192 |   268 ||   572
       Dagger            |       |    19 |       ||    19
Throw: Throwing net      |     1 |     2 |       ||     3
  Use: Scroll            |       |    10 |     5 ||    15
       Potion            |       |       |     3 ||     3
 Stab: Sleeping          |     2 |     8 |     7 ||    17
       Held in net/web   |     2 |     1 |       ||     3
  Eat: Chunk             |     8 |     7 |     9 ||    24
Armor: Leather armour    |    18 |    32 |       ||    50
       Ring mail         |       |    32 |    55 ||    87
Dodge: Dodged            |    78 |   192 |   221 ||   491

Table legend:
 A = Non-vault XP
 B = Vault XP
 C = Vault XP percentage of total XP
 D = Non-vault monster count
 E = Vault monster count
 F = Vault count percentage of total count
                 A         B        C        D         E       F
            +---------+---------+-------+---------+---------+-------
      Total |    2935 |     233 |   7.4 |     166 |       4 |   2.4
            +---------+---------+-------+---------+---------+-------
        D:1 |      55 |       0 |   0.0 |      29 |       0 |   0.0
        D:2 |      54 |       0 |   0.0 |      17 |       0 |   0.0
        D:3 |     111 |       0 |   0.0 |      27 |       0 |   0.0
        D:4 |      98 |       0 |   0.0 |      12 |       0 |   0.0
        D:5 |     635 |       3 |   0.5 |      22 |       2 |   8.3
        D:6 |     706 |       0 |   0.0 |      26 |       0 |   0.0
        D:7 |    1276 |       0 |   0.0 |      33 |       0 |   0.0
        D:8 |       0 |     230 | 100.0 |       0 |       2 | 100.0
            +---------+---------+-------+---------+---------+-------
